 Dungeon Crawl Stone Soup version 0.20-a0-785-g17250f0 (webtiles) character file.

1600 Stairdancer the Grappler (level 8, -2/62 HPs)
             Began as a Demonspawn Wanderer on Feb 27, 2017.
             Was a High Priest of Jiyva.
             Slain by a centaur
             ... wielding a +0 dagger
              (7 damage)
             ... on level 6 of the Dungeon.
             The game lasted 00:09:30 (4446 turns).

Stairdancer the Grappler (Demonspawn Wanderer)      Turns: 4446, Time: 00:09:31

Health: -2/62      AC:  6    Str: 15    XL:     8   Next: 62%
Magic:  8/8        EV: 12    Int: 16    God:    Jiyva [*****.]
Gold:   116        SH:  2    Dex: 12    Spells: 7/7 levels left

rFire    . . .     SeeInvis +     - Unarmed
rCold    + . .     Gourm    .   x - +2 robe of Objectivity {rElec SInv}
rNeg     . . .     Faith    .   (no shield)
rPois    .         Spirit   .   v - +0 helmet
rElec    +         Reflect  +   q - +0 cloak
rCorr    +         Harm     .   (no gloves)
MR       .....                  (no boots)
Stlth    ..........             t - +2 amulet of reflection
Regen    0.2/turn               r - ring of protection from cold
MPRegen  0.2/turn               y - ring of loudness (curse)

@: no status effects
A: talons 2, foul stench 1, strong 1, rot immunity, sturdy frame 1
a: Request Jelly, Slimify, Cure Bad Mutation, Renounce Religion


You were on level 6 of the Dungeon.
You worshipped Jiyva.
Jiyva was extremely pleased with you.
You were very full.

You visited 1 branch of the dungeon, and saw 6 of its levels.

You collected 116 gold pieces.

Inventory:

Hand Weapons
 a - a +2 short sword
 g - a +2 dagger of holy wrath
Armour
 c - a +0 robe
 m - a +0 ring mail
 q - a +0 cloak (worn)
 v - a +0 helmet (worn)
 x - the +2 robe of Objectivity (worn) {rElec SInv}
   (You found it on level 6 of the Dungeon)

   It insulates you from electricity.
   It lets you see invisible.
Jewellery
 h - an uncursed ring of positive energy
 j - an uncursed ring of see invisible
 r - a ring of protection from cold (right hand)
 t - a +2 amulet of reflection (around neck)
 y - a cursed ring of loudness (left hand)
Scrolls
 b - 5 scrolls of teleportation
 e - a scroll of enchant weapon {unknown}
 f - a scroll of blinking {unknown}
 k - a scroll of identify {unknown}
 l - 2 scrolls of recharging {unknown}
 n - 4 scrolls of remove curse {unknown}
 o - a scroll of fear {unknown}
 w - a scroll of noise {unknown}
Potions
 p - a potion of flight {unknown}
 s - a potion of brilliance {unknown}
 u - a potion of magic {unknown}
Comestibles
 d - 4 bread rations
 i - 7 fruits


   Skills:
 - Level 5.0 Fighting
 - Level 1.7 Short Blades
 - Level 1.0 Throwing
 - Level 1.0 Armour
 - Level 1.7 Dodging
   Level 1.0 Shields
 + Level 9.3 Unarmed Combat


You had 7 spell levels left.
You didn't know any spells.

Dungeon Overview and Level Annotations

Branches:
Dungeon (6/15)             Temple (0/1) D:5

Altars:
Cheibriados
Fedhas
Kikubaaqudgha
Nemelex Xobeh
Sif Muna
Xom
Zin
The Shining One
Jiyva


Innate Abilities, Weirdness & Mutations

You have razor-sharp toenails.
You may emit foul miasma when damaged in melee.
You are immune to rotting.
Your movements are slightly less encumbered by armour. (ER -2)
Your muscles are strong. (Str +2)


Message History

You remove your ring of see invisible.
The centaur shouts!
Oops, that ring feels deathly cold.
y - a cursed ring of loudness (left hand)
The centaur unwields an uncursed dagger.
The centaur wields a shortbow.
The centaur shoots an arrow.
The arrow hits you!
The centaur shoots an arrow.
The arrow hits you.
You see here an arrow.
You are too injured to fight recklessly!
You are too injured to fight recklessly!
You are too injured to fight recklessly!
You are too injured to fight recklessly!
The centaur shoots an arrow.
The arrow hits you!
You see here an arrow.
The centaur shoots an arrow.
The arrow hits you!
* * * LOW HITPOINT WARNING * * *
The centaur unwields an uncursed shortbow.
The centaur wields an uncursed dagger.
The centaur hits you with an uncursed dagger!
You die...

### ### ##...# ####.... #.#
##..### .....# #.# #..## ..####
#.# ###.## ..# #.# #...# # ..#
#.# ##.### # #.# #.# #..# #####
#.# #######.###.#####.... #.#
#..c@.(((.........###
#.##############....##.##########
#.##..........####.....# ##....
.......J......# #.###.## #..###
#.##..........# #<##...# ##.##
#.################.##.#.# #..#
.....## #.......#>.##.## ####..#
#.....>.##.##.# #..#
#.......##....#


You could see a centaur.

Vanquished Creatures
  Grinder (D:4)
  An ice beast (D:6)
  A phantom (D:5)
  A sky beast (D:6)
  2 ogres
  2 centaurs (D:6)
  Blork the orc (D:4)
  A bullfrog (D:6)
  2 scorpions
  3 wights (D:6)
  A crimson imp (D:5)
  A centaur zombie (D:5)
  3 hounds
  4 orc wizards
  A killer bee zombie (D:5)
  2 hound zombies (D:6)
  A howler monkey zombie (D:6)
  5 adders
  A shadow imp (D:6)
  A dart slug (D:2)
  3 leopard geckos
  15 orcs
  4 bats
  5 giant cockroaches
  4 goblins
  10 hobgoblins
  3 jackals (D:1)
  4 quokkas
  A ball python (D:2)
  5 frilled lizards
  7 kobolds
  5 rats
101 creatures vanquished.

Vanquished Creatures (others)
  A wight (D:5)
  4 jellies
  A hound (D:5)
  2 worker ants (D:5)
  A killer bee zombie (D:6)
  4 gnolls (D:5)
  3 adders
  A shadow imp (D:5)
  A worm (D:3)
  2 leopard geckos (D:4)
  10 orcs
  A bat (D:3)
  A giant cockroach (D:5)
  2 quokkas
  A rat (D:3)
35 creatures vanquished.

Grand Total: 136 creatures vanquished

Notes
Turn   | Place    | Note
-------+----------+-------------------------------------------
     0 | D:1      | Stairdancer the Demonspawn Wanderer began the quest for the Orb.
     0 | D:1      | Stairdancer set off with: a +2 short sword, 2 scrolls of teleportation, a +0 robe, a bread ration
     0 | D:1      | Reached XP level 1. HP: 18/18 MP: 1/1
   161 | D:1      | Gained mutation: Your movements are slightly less encumbered by armour. (ER -2) [demonic ancestry]
   161 | D:1      | Reached XP level 2. HP: 24/24 MP: 2/2
   640 | D:2      | Gained mutation: You have sharp toenails. [demonic ancestry]
   640 | D:2      | Reached XP level 3. HP: 24/30 MP: 3/3
  1094 | D:2      | Found a snail-covered altar of Cheibriados.
  1097 | D:2      | Found a shimmering altar of Xom.
  1100 | D:2      | Found a sparkling altar of Nemelex Xobeh.
  1101 | D:2      | Found a blossoming altar of Fedhas.
  1101 | D:2      | Found an ancient bone altar of Kikubaaqudgha.
  1102 | D:2      | Found a glowing golden altar of the Shining One.
  1103 | D:2      | Found a deep blue altar of Sif Muna.
  1104 | D:2      | Found a glowing silver altar of Zin.
  1608 | D:3      | Gained mutation: You are immune to rotting. [demonic ancestry]
  1608 | D:3      | Reached XP level 4. HP: 34/38 MP: 4/4
  1716 | D:3      | Found a faded altar of an unknown god.
  1722 | D:3      | Reached skill level 5 in Fighting
  1729 | D:3      | Became a worshipper of Jiyva Jytamu the Shapeless
  1729 | D:3      | Reached * piety under Jiyva
  1913 | D:3      | Reached skill level 1 in Unarmed Combat
  2037 | D:3      | Reached ** piety under Jiyva
  2117 | D:4      | Noticed Grinder
  2166 | D:4      | Gained mutation: You possess an exceptional clarity of mind. [potion of mutation]
  2166 | D:4      | Gained mutation: Your flesh is cold resistant. (rC+) [potion of mutation]
  2178 | D:4      | Killed Grinder
  2178 | D:4      | Reached skill level 4 in Unarmed Combat
  2178 | D:4      | Gained mutation: You may emit foul miasma when damaged in melee. [demonic ancestry]
  2178 | D:4      | Reached XP level 5. HP: 44/44 MP: 5/5
  2178 | D:4      | Gained mutation: You have razor-sharp toenails. [demonic ancestry]
  2178 | D:4      | Reached XP level 6. HP: 51/51 MP: 6/6
  2337 | D:4      | Noticed Blork the orc
  2351 | D:4      | Killed Blork the orc
  2372 | D:4      | Reached *** piety under Jiyva
  2372 | D:4      | Lost mutation: Your flesh is cold resistant. (rC+) [Jiyva's grace]
  2697 | D:5      | Entered Level 5 of the Dungeon
  2710 | D:5      | Reached skill level 5 in Unarmed Combat
  2771 | D:5      | Reached XP level 7. HP: 20/56 MP: 7/7
  2896 | D:5      | Reached **** piety under Jiyva
  2908 | D:5      | Lost mutation: You possess an exceptional clarity of mind. [Jiyva's grace]
  2952 | D:5      | Found a staircase to the Ecumenical Temple.
  2979 | D:5      | Reached skill level 6 in Unarmed Combat
  3977 | D:6      | Reached skill level 7 in Unarmed Combat
  4054 | D:6      | Reached XP level 8. HP: 58/62 MP: 8/8
  4078 | D:6      | Reached skill level 8 in Unarmed Combat
  4155 | D:6      | Reached ***** piety under Jiyva
  4155 | D:6      | Gained mutation: Your muscles are strong. (Str +2) [Jiyva's grace]
  4198 | D:6      | Got a slimy robe
  4209 | D:6      | Identified the +2 robe of Objectivity {rElec SInv} (You found it on level 6 of the Dungeon)
  4333 | D:6      | Reached skill level 9 in Unarmed Combat
  4446 | D:6      | Slain by a centaur

Vault maps used:
D:1:      lightli_arrival_quake, hex_intersection
D:2:      minitemple
D:3:      chequers_ecumenical_altar_simple
D:4:      uniq_grinder, uniq_blork_the_orc
D:5:      temple_statues, first_bread, grunt_ministairs_6
D:6:      nicolae_ru_the_path_less_chosen

Skill      XL: |  1  2  3  4  5  6  7  8 |
---------------+-------------------------+-----
Fighting       | 4 5 |  5.0
Unarmed Combat | 4 5 7 9 |  9.3
Short Blades   | |  1.7
Throwing       | |  1.0
Armour         | |  1.0
Dodging        | |  1.7
Shields        | |  1.0

Action                   |  1- 3 |  4- 6 |  7- 9 || total
-------------------------+-------+-------+-------++-------
Melee: Short sword       |   110 |   138 |   108 ||   356
       Kick              |     6 |    33 |    46 ||    85
       Unarmed           |       |       |   166 ||   166
       Punch             |       |       |    12 ||    12
  Use: Potion            |     1 |     3 |       ||     4
  Eat: Chunk             |     2 |     2 |       ||     4
Armor: Robe              |     5 |       |     8 ||    13
       Ring mail         |    20 |    38 |    69 ||   127
Dodge: Dodged            |    49 |    61 |   121 ||   231
Block: Other             |       |     6 |    18 ||    24
       Reflection        |       |     1 |       ||     1
